 Dungeon Crawl Stone Soup version 0.18.1-51-gd549091e01 (webtiles) character file.

58 magog001 the Sneak (level 4, -2/27 HPs)
             Began as a Kobold Assassin on July 31, 2020.
             Killed from afar by Sigmund (12 damage)
             ... with a puff of flame
             ... on level 2 of the Dungeon.
             The game lasted 00:07:56 (1487 turns).

magog001 the Sneak (Kobold Assassin)                Turns: 1487, Time: 00:07:57

Health: -2/27      AC:  3    Str: 10    XL:     4   Next: 21%
Magic:  4/4        EV: 20    Int:  9    God:
Gold:   22         SH:  0    Dex: 22    Spells: 0 memorised, 3 levels left

rFire  . . .     SeeInvis +     b - +0 blowgun
rCold  . . .     Gourm    .     c - +0 robe
rNeg   . . .     Faith    .     (shield restricted)
rPois  .         Spirit   .     (no helmet)
rElec  .         Dismiss  .     d - +0 cloak
rCorr  .         Reflect  .     (no gloves)
SustAt .         Harm     .     (no boots)
MR     .....                    (no amulet)
Stlth  ++++......               i - ring of see invisible
                                h - ring of stealth

@: confused, agile, not resistant to hostile enchantments, stealthy
A: carnivore 3
a: no special abilities


You were on level 2 of the Dungeon.
You were completely stuffed.

You visited 1 branch of the dungeon, and saw 2 of its levels.

You collected 22 gold pieces.

Inventory:

Hand Weapons
 a - a +2 dagger
 b - a +0 blowgun (weapon)
 r - a +1 dagger of flaming
Missiles
 e - 2 poisoned needles (quivered)
 f - 2 curare-tipped needles
 o - 26 sling bullets
Armour
 c - a +0 robe (worn)
 d - a +0 cloak (worn)
Jewellery
 h - a ring of stealth (left hand)
 i - a ring of see invisible (right hand)
Scrolls
 l - 2 scrolls of teleportation {unknown}
 m - a scroll of fog {unknown}
 q - a scroll of enchant weapon {unknown}
 s - a scroll of magic mapping {unknown}
Comestibles
 g - a meat ration


   Skills:
 + Level 2.4 Fighting
 + Level 2.6 Short Blades
 * Level 2.5 Throwing
 * Level 0.4 Armour
 * Level 2.1 Dodging
 * Level 6.6 Stealth


You had 3 spell levels left.
You didn't know any spells.

Dungeon Overview and Level Annotations

Branches:
Dungeon (2/15)

Altars:

Annotations:
D:2 Sigmund


Innate Abilities, Weirdness & Mutations

You are small and have problems with some larger weapons.
You are carnivorous and can eat meat at any time.


Message History

Aim: Sigmund, wielding a scythe and wearing a leather armour (lightly wounded, poisoned)
You shoot a poisoned needle. Sigmund casts a spell at you.
The puff of flame hits you!
Firing (i - inventory. (,) - cycle):
e - 3 poisoned needles (quivered)
Press: ? - help, Shift-Dir - straight line, f/p - Sigmund
Aim: Sigmund, wielding a scythe and wearing a leather armour (moderately wounded, poisoned)
You shoot a poisoned needle.
Sigmund looks more healthy.
Sigmund barely misses you.
Drink which item? (? for menu, Esc to quit)
It was a potion of agility.
You feel agile all of a sudden.
You're too confused!
You're too confused to move!
Sigmund misses you.
Unknown command.
Sigmund misses you.
You bump into the rock wall.
Sigmund casts a spell at you. The puff of flame hits you!
You die...

...##.#.#
....... ..$...
#....# #....#
## #....##.# #
##....#.#
..#....@.#
.........##
#(.....@..##
######...#.#.#
#..(......#
#.#...#(#.#
#.#...#.#.# #
#.#.(...# #
#.###.#.##..#.


You could see Sigmund.

Vanquished Creatures
  2 adders (D:2)
  An ooze (D:1)
  A dart slug (D:2)
  A giant gecko (D:1)
  6 bats (D:1)
  6 goblins (D:1)
  3 hobgoblins
  4 jackals (D:1)
  4 kobolds
  2 ball pythons (D:1)
30 creatures vanquished.

Notes
Turn   | Place    | Note
--------------------------------------------------------------
     0 | D:1      | magog001 the Kobold Assassin began the quest for the Orb.
     0 | D:1      | Reached XP level 1. HP: 12/12 MP: 1/1
   456 | D:1      | Reached XP level 2. HP: 17/17 MP: 2/2
   530 | D:1      | Reached skill level 6 in Stealth
   539 | D:1      | Reached XP level 3. HP: 10/21 MP: 3/3
  1368 | D:2      | Reached XP level 4. HP: 21/27 MP: 4/4
  1473 | D:2      | Noticed Sigmund
  1487 | D:2      | Killed from afar by Sigmund

Skill      XL: |  1  2  3 |
---------------+----------+-----
Stealth        | 6 |  6.6
Dodging        | 2 |  2.1
Fighting       | |  2.4
Short Blades   | |  2.6
Throwing       | |  2.5
Armour         | |  0.4

Action                   |  1- 3 |  4- 6 || total
-------------------------+-------+-------++-------
Melee: Dagger            |    78 |     2 ||    80
 Fire: Blowgun           |    18 |     5 ||    23
  Use: Potion            |     1 |     1 ||     2
       Scroll            |     1 |       ||     1
 Stab: Sleeping          |     8 |       ||     8
  Eat: Chunk             |    10 |       ||    10
Armor: Robe              |    19 |     1 ||    20
Dodge: Dodged            |    70 |     3 ||    73
